TOP OF THE 1ST |
Yakima Hops batting - Pitching for Asheville Highlanders : RHP Bill Gentry
|
Pitching: RHP Bill Gentry
|
|
Batting: RHB Abraham Jacobs
|
0-0: DOUBLE (Line Drive, 89M)
|
Batting: LHB Jorge Vargas
|
0-0: Foul Ball, location: 2F 0-1: Ball 1-1: Fly out, F7 (Line Drive, 8LS)
|
Batting: RHB Júlio Molina
|
0-0: Ball 1-0: SINGLE (Groundball, 13) (infield hit) Abraham Jacobs to third
|
Batting: LHB Miguel Juárez
|
0-0: Ball 1-0: Ball Júlio Molina steals 2nd base 2-0: Ball 3-0: Base on Balls
|
Batting: RHB Joe Phillips
|
0-0: Foul Ball, location: 2F 0-1: Called Strike 0-2: SINGLE (Line Drive, 9S) Abraham Jacobs scores Júlio Molina to third Miguel Juárez to second
|
Batting: RHB Edgar García
|
0-0: SINGLE (Line Drive, 8RS) Júlio Molina scores Miguel Juárez to third Joe Phillips to second Runner from 3rd tries for Home, SAFE, throw made home Joe Phillips to third Edgar García to second
|
Batting: SHB Esteban Lugo
|
0-0: Called Strike 0-1: Ball 1-1: Fly out, F9 (Flyball, 9LD) Runner from 3rd tags up, SCORES, no throw
|
Batting: RHB Ricardo Téllez
|
0-0: Fly out, F8 (Flyball, 78D)
|
Top of the 1st over - 4 run(s), 4 hit(s), 0 error(s), 1 left on base; Yakima 4 - Asheville 0 |
BOTTOM OF THE 1ST |
Asheville Highlanders batting - Pitching for Yakima Hops : RHP John Adams
|
Pitching: RHP John Adams
|
|
Batting: RHB Raúl Ortíz
|
0-0: Called Strike 0-1: Ball 1-1: Ball 2-1: Ball 3-1: Called Strike 3-2: Foul Ball, location: 2F 3-2: Fly out, F9 (Flyball, 9M)
|
Batting: SHB Craig Barnes
|
0-0: Ball 1-0: SINGLE (Line Drive, 3D)
|
Batting: RHB Marcos Calderón
|
0-0: Swinging Strike 0-1: Ball 1-1: Swinging Strike 1-2: Ball 2-2: Ball 3-2: Foul Ball, location: 2F 3-2: Fly out, F8 (Flyball, 89XD)
|
Batting: RHB Paco Vásquez
|
0-0: Ball 1-0: Called Strike 1-1: Foul Ball, location: 2F 1-2: Strikes out looking
|
Bottom of the 1st over - 0 run(s), 1 hit(s), 0 error(s), 1 left on base; Yakima 4 - Asheville 0 |
TOP OF THE 2ND |
Yakima Hops batting - Pitching for Asheville Highlanders : RHP Bill Gentry
|
Batting: RHB Vicente Rodríguez
|
0-0: Ball 1-0: Swinging Strike 1-1: Ball 2-1: Ball 3-1: Foul Ball, location: 2F 3-2: Base on Balls
|
Batting: RHB Abraham Jacobs
|
0-0: Ball 1-0: Grounds into double play, 6-4-3 (Groundball, 6M)
|
Batting: LHB Jorge Vargas
|
0-0: Foul Ball, location: 2F 0-1: SINGLE (Line Drive, 78S)
|
Batting: RHB Júlio Molina
|
0-0: Swinging Strike 0-1: Ball 1-1: Called Strike 1-2: Foul Ball, location: 2F 1-2: Ball 2-2: Strikes out swinging
|
Top of the 2nd over - 0 run(s), 1 hit(s), 0 error(s), 1 left on base; Yakima 4 - Asheville 0 |
BOTTOM OF THE 2ND |
Asheville Highlanders batting - Pitching for Yakima Hops : RHP John Adams
|
Batting: RHB Bryce Bancroft
|
0-0: Foul Ball, location: 2F 0-1: Ball 1-1: Ball 2-1: Fly out, F8 (Line Drive, 8RM)
|
Batting: SHB Gonzalo Valentín
|
0-0: Ball 1-0: Foul Ball, location: 2F 1-1: Ball 2-1: Foul Ball, location: 2F 2-2: Foul Ball, location: 2F 2-2: Ball 3-2: Base on Balls
|
Batting: RHB Eduardo Checchinato
|
0-0: Called Strike 0-1: Ground out 5-3 (Groundball, 56S) Gonzalo Valentín to second
|
Batting: RHB Víctor López
|
0-0: Ball 1-0: Ground out 6-3 (Groundball, 6M)
|
Bottom of the 2nd over - 0 run(s), 0 hit(s), 0 error(s), 1 left on base; Yakima 4 - Asheville 0 |
TOP OF THE 3RD |
Yakima Hops batting - Pitching for Asheville Highlanders : RHP Bill Gentry
|
Batting: LHB Miguel Juárez
|
0-0: Ball 1-0: Ball 2-0: Swinging Strike 2-1: SOLO HOME RUN (Flyball, 8RXD), Distance : 438 ft
|
Batting: RHB Joe Phillips
|
0-0: Foul Ball, location: 2F 0-1: Called Strike 0-2: Strikes out looking
|
Batting: RHB Edgar García
|
0-0: Ball 1-0: Ball 2-0: Foul Ball, location: 2F 2-1: SINGLE (Groundball, 56)
|
Batting: SHB Esteban Lugo
|
0-0: Foul Ball, location: 2F 0-1: Ball 1-1: Swinging Strike 1-2: Ball 2-2: Ball 3-2: Foul Ball, location: 2F 3-2: Base on Balls Edgar García to second
|
Batting: RHB Ricardo Téllez
|
0-0: Called Strike 0-1: Fly out, F5 (Popup, 56)
|
Batting: RHB Vicente Rodríguez
|
0-0: Ball 1-0: Foul Ball, location: 2F 1-1: Foul Ball, location: 2F 1-2: Ball 2-2: Foul Ball, location: 2F 2-2: Strikes out swinging
|
Top of the 3rd over - 1 run(s), 2 hit(s), 0 error(s), 2 left on base; Yakima 5 - Asheville 0 |
BOTTOM OF THE 3RD |
Asheville Highlanders batting - Pitching for Yakima Hops : RHP John Adams
|
Batting: RHB José Rivera
|
0-0: Swinging Strike 0-1: Ball 1-1: Ball 2-1: SINGLE (Flyball, 8LS)
|
Batting: RHB Raúl Ortíz
|
0-0: SINGLE (Line Drive, 8LS) José Rivera to second
|
Batting: SHB Craig Barnes
|
0-0: Called Strike 0-1: Ball 1-1: DOUBLE (Flyball, 7LM) José Rivera scores Raúl Ortíz to third
|
Batting: RHB Marcos Calderón
|
0-0: Ball 1-0: Called Strike 1-1: Ball 2-1: SINGLE (Line Drive, 6MD) Raúl Ortíz scores Craig Barnes to third Runner from 3rd tries for Home, SAFE, no throw or cutoff
|
Batting: RHB Paco Vásquez
|
0-0: Called Strike 0-1: Ball 1-1: Called Strike 1-2: Ball 2-2: Fly out, F9 (Flyball, 9M)
|
Batting: RHB Bryce Bancroft
|
0-0: SINGLE (Groundball, 5L) Marcos Calderón to second
|
Batting: SHB Gonzalo Valentín
|
0-0: Called Strike 0-1: Ball 1-1: DOUBLE (Line Drive, 7D) Marcos Calderón scores Bryce Bancroft to third
|
Batting: RHB Eduardo Checchinato
|
0-0: Ball 1-0: Fly out, F8 (Popup, 6MD)
|
Batting: RHB Víctor López
|
0-0: Foul Ball, location: 2F 0-1: Fly out, F7 (Flyball, 7LM)
|
Bottom of the 3rd over - 4 run(s), 6 hit(s), 0 error(s), 2 left on base; Yakima 5 - Asheville 4 |
TOP OF THE 4TH |
Yakima Hops batting - Pitching for Asheville Highlanders : RHP Bill Gentry
|
Batting: RHB Abraham Jacobs
|
0-0: Ground out 6-3 (Groundball, 6)
|
Batting: LHB Jorge Vargas
|
0-0: Ball 1-0: Called Strike 1-1: Swinging Strike 1-2: DOUBLE (Flyball, 8LD)
|
Batting: RHB Júlio Molina
|
0-0: Ground out 5-3 (Groundball, 56S) Jorge Vargas to third
|
Batting: LHB Miguel Juárez
|
0-0: Ball 1-0: Ball 2-0: Ball 3-0: Called Strike 3-1: Base on Balls
|
Batting: RHB Joe Phillips
|
0-0: Foul Ball, location: 2F 0-1: Foul Ball, location: 2F 0-2: Ball 1-2: Strikes out looking
|
Top of the 4th over - 0 run(s), 1 hit(s), 0 error(s), 2 left on base; Yakima 5 - Asheville 4 |
BOTTOM OF THE 4TH |
Asheville Highlanders batting - Pitching for Yakima Hops : RHP John Adams
|
Batting: RHB José Rivera
|
0-0: Ball 1-0: Called Strike 1-1: SINGLE (Flyball, 8LS)
|
Batting: RHB Raúl Ortíz
|
0-0: Fly out, F7 (Flyball, 7S)
|
Batting: SHB Craig Barnes
|
0-0: Foul Ball, location: 2F 0-1: Foul Ball, location: 2F 0-2: Reached on error, E6 (Groundball, 6) José Rivera to second
|
Batting: RHB Marcos Calderón
|
0-0: Called Strike 0-1: Ball 1-1: Called Strike 1-2: Strikes out looking
|
Batting: RHB Paco Vásquez
|
0-0: Foul Ball, location: 2F 0-1: SINGLE (Groundball, 5D) José Rivera to third Craig Barnes to second Runner from 3rd tries for Home, SAFE, no throw or cutoff
|
Batting: RHB Bryce Bancroft
|
0-0: Ground out 4-3 (Groundball, 4S)
|
Bottom of the 4th over - 1 run(s), 2 hit(s), 1 error(s), 2 left on base; Yakima 5 - Asheville 5 |
TOP OF THE 5TH |
Yakima Hops batting - Pitching for Asheville Highlanders : RHP Bill Gentry
|
Batting: RHB Edgar García
|
0-0: Called Strike 0-1: Ball 1-1: Called Strike 1-2: Ball 2-2: Fly out, F6 (Line Drive, 6)
|
Batting: SHB Esteban Lugo
|
0-0: Swinging Strike 0-1: Foul Ball, location: 2F 0-2: Ball 1-2: Ball 2-2: Foul Ball, location: 2F 2-2: Ball 3-2: Strikes out swinging
|
Batting: RHB Ricardo Téllez
|
0-0: Foul Ball, location: 2F 0-1: Ball 1-1: Foul Ball, location: 2F 1-2: Ball 2-2: Ball 3-2: Strikes out swinging
|
Top of the 5th over - 0 run(s), 0 hit(s), 0 error(s), 0 left on base; Yakima 5 - Asheville 5 |
BOTTOM OF THE 5TH |
Asheville Highlanders batting - Pitching for Yakima Hops : RHP John Adams
|
Batting: SHB Gonzalo Valentín
|
0-0: Called Strike 0-1: Swinging Strike 0-2: Strikes out looking
|
Batting: RHB Eduardo Checchinato
|
0-0: Ball 1-0: Called Strike 1-1: Foul Ball, location: 2F 1-2: Ball 2-2: Strikes out swinging
|
Batting: RHB Víctor López
|
0-0: Fly out, F7 (Flyball, 78M)
|
Bottom of the 5th over - 0 run(s), 0 hit(s), 0 error(s), 0 left on base; Yakima 5 - Asheville 5 |
TOP OF THE 6TH |
Yakima Hops batting - Pitching for Asheville Highlanders : RHP Bill Gentry
|
Batting: RHB Vicente Rodríguez
|
0-0: Ball 1-0: Fly out, F7 (Flyball, 7M)
|
Batting: RHB Abraham Jacobs
|
0-0: Called Strike 0-1: Ground out 1-3 (Groundball, 15)
|
Batting: LHB Jorge Vargas
|
0-0: Called Strike 0-1: Ball 1-1: Ball 2-1: Foul Ball, location: 2F 2-2: Foul Ball, location: 2F 2-2: Ball 3-2: SINGLE (Groundball, 34D)
|
Batting: RHB Júlio Molina
|
0-0: Ball Wild Pitch! Jorge Vargas to second 1-0: Called Strike 1-1: Ground out 6-3 (Groundball, 6)
|
Top of the 6th over - 0 run(s), 1 hit(s), 0 error(s), 1 left on base; Yakima 5 - Asheville 5 |
BOTTOM OF THE 6TH |
Asheville Highlanders batting - Pitching for Yakima Hops : RHP John Adams
|
Batting: RHB José Rivera
|
0-0: Called Strike 0-1: Ball 1-1: Ball 2-1: Foul Ball, location: 2F 2-2: Ball 3-2: Base on Balls
|
Pitching: RHP Júlio Maes
|
|
Batting: RHB Raúl Ortíz
|
0-0: Bunted foul 0-1: Reached on error, E1 (Groundball, 15S) José Rivera to third
|
Batting: SHB Craig Barnes
|
0-0: Swinging Strike 0-1: Ball 1-1: Ball 2-1: Ball 3-1: Base on Balls
|
Batting: RHB Marcos Calderón
|
0-0: Foul Ball, location: 2F 0-1: Ball 1-1: Called Strike 1-2: Hit by Pitch José Rivera scores Raúl Ortíz to third Craig Barnes to second
|
Batting: RHB Paco Vásquez
|
0-0: Ball 1-0: Ball 2-0: Grounds into fielders choice 6-2 (Groundball, 6) Craig Barnes to third Marcos Calderón to second
|
Batting: RHB Bryce Bancroft
|
0-0: Foul Ball, location: 2F 0-1: Grounds into double play, 6-4-3 (Groundball, 6)
|
Bottom of the 6th over - 1 run(s), 0 hit(s), 1 error(s), 2 left on base; Yakima 5 - Asheville 6 |
TOP OF THE 7TH |
Yakima Hops batting - Pitching for Asheville Highlanders : RHP Bill Gentry
|
Batting: LHB Miguel Juárez
|
0-0: Called Strike 0-1: Ball 1-1: Swinging Strike 1-2: Fly out, F2 (Popup, 2LF)
|
Batting: RHB Joe Phillips
|
0-0: Ball 1-0: Called Strike 1-1: Ground out 5-3 (Groundball, 5)
|
Batting: RHB Edgar García
|
0-0: Called Strike 0-1: Ground out 5-3 (Groundball, 56)
|
Top of the 7th over - 0 run(s), 0 hit(s), 0 error(s), 0 left on base; Yakima 5 - Asheville 6 |
BOTTOM OF THE 7TH |
Asheville Highlanders batting - Pitching for Yakima Hops : RHP Júlio Maes
|
Batting: SHB Gonzalo Valentín
|
0-0: Ball 1-0: Called Strike 1-1: Ball 2-1: Ball 3-1: Foul Ball, location: 2F 3-2: Base on Balls
|
Batting: RHB Eduardo Checchinato
|
0-0: Ball 1-0: Ball 2-0: Called Strike 2-1: Foul Ball, location: 2F 2-2: Strikes out swinging
|
Batting: RHB Víctor López
|
0-0: Called Strike 0-1: Ball 1-1: Foul Ball, location: 2F 1-2: Foul Ball, location: 2F 1-2: Reached on Error, E8 (Flyball, 8RS) Gonzalo Valentín to second
|
Pitching: LHP Cisco Flores
|
|
Batting: RHB José Rivera
|
0-0: Ball 1-0: Ball 2-0: Ball 3-0: Base on Balls Gonzalo Valentín to third Víctor López to second
|
Batting: RHB Raúl Ortíz
|
0-0: Called Strike 0-1: Foul Ball, location: 2F 0-2: Fly out, F6 (Popup, 5D)
|
Pinch Hitting: RHB Claudio Torres
|
0-0: Ball 1-0: Called Strike 1-1: SINGLE (Groundball, 56) Gonzalo Valentín scores Víctor López to third José Rivera to second Runner from 3rd tries for Home, SAFE, no throw or cutoff
|
Batting: RHB Marcos Calderón
|
0-0: Ball 1-0: Foul Ball, location: 2F 1-1: Foul Ball, location: 2F 1-2: Ball 2-2: Foul Ball, location: 2F 2-2: Strikes out swinging
|
Bottom of the 7th over - 2 run(s), 1 hit(s), 1 error(s), 2 left on base; Yakima 5 - Asheville 8 |
TOP OF THE 8TH |
Yakima Hops batting - Pitching for Asheville Highlanders : RHP Bill Gentry
|
Pitching: RHP Manny Pérez
|
|
Now at SS: Chris Oudekirk
|
|
Batting: SHB Esteban Lugo
|
0-0: Foul Ball, location: 2F 0-1: Hit by Pitch
|
Batting: RHB Ricardo Téllez
|
0-0: SINGLE (Line Drive, 34) Esteban Lugo to second
|
Batting: RHB Vicente Rodríguez
|
0-0: Ball 1-0: Ball 2-0: Ball 3-0: Base on Balls Esteban Lugo to third Ricardo Téllez to second
|
Pinch Hitting: LHB Jim Unknown
|
0-0: Foul Ball, location: 2F 0-1: Swinging Strike 0-2: Foul Ball, location: 2F 0-2: Strikes out looking
|
Pitching: RHP Justin Reynolds
|
|
Batting: LHB Jorge Vargas
|
0-0: Foul Ball, location: 2F 0-1: Called Strike 0-2: Ball 1-2: Strikes out swinging
|
Pinch Hitting: RHB Jim Unknown
|
0-0: Foul Ball, location: 2F 0-1: Swinging Strike 0-2: Ball 1-2: Ball 2-2: Foul Ball, location: 2F 2-2: Fly out, F7 (Flyball, 8LM)
|
Top of the 8th over - 0 run(s), 1 hit(s), 0 error(s), 3 left on base; Yakima 5 - Asheville 8 |
BOTTOM OF THE 8TH |
Asheville Highlanders batting - Pitching for Yakima Hops : LHP Cisco Flores
|
Now in LF: William Miles
|
|
Now in CF: Jim Unknown
|
|
Batting: RHB Paco Vásquez
|
0-0: Ball 1-0: Called Strike 1-1: Fly out, F8 (Flyball, 8LM)
|
Batting: RHB Bryce Bancroft
|
0-0: Foul Ball, location: 2F 0-1: Ball 1-1: Ball 2-1: Foul Ball, location: 2F 2-2: Ball 3-2: Strikes out swinging
|
Batting: SHB Gonzalo Valentín
|
0-0: Swinging Strike 0-1: Ball 1-1: Foul Ball, location: 2F 1-2: Strikes out swinging
|
Bottom of the 8th over - 0 run(s), 0 hit(s), 0 error(s), 0 left on base; Yakima 5 - Asheville 8 |
TOP OF THE 9TH |
Yakima Hops batting - Pitching for Asheville Highlanders : RHP Justin Reynolds
|
Pitching: RHP Brandeis Göller
|
|
Batting: LHB Miguel Juárez
|
0-0: SOLO HOME RUN (Flyball, 89XD), Distance : 395 ft
|
Batting: RHB Joe Phillips
|
0-0: Swinging Strike 0-1: Ball 1-1: Foul Ball, location: 2F 1-2: Strikes out swinging
|
Batting: RHB Edgar García
|
0-0: Ball 1-0: Ball 2-0: Ball 3-0: Called Strike 3-1: Fly out, F8 (Flyball, 8LM)
|
Batting: SHB Esteban Lugo
|
0-0: Ball 1-0: Ground out 4-3 (Groundball, 4)
|
Top of the 9th over - 1 run(s), 1 hit(s), 0 error(s), 0 left on base; Yakima 6 - Asheville 8 |
|